 Dungeon Crawl Stone Soup version 0.23.2 (webtiles) character file.

Game seed: 10861837306130409467

1576 DrKleor the Cleaver (level 8, -6/71 HPs)
             Began as a Hill Orc Monk on Apr 1, 2019.
             Was a Believer of Beogh.
             Mangled by Menkaure (18 damage)
             ... on level 7 of the Dungeon.
             The game lasted 00:13:12 (6253 turns).

DrKleor the Cleaver (Hill Orc Monk)                 Turns: 6253, Time: 00:13:13

Health: -6/71      AC:  8    Str: 16    XL:     8   Next: 91%
Magic:  8/8        EV:  8    Int: 13    God:    Beogh [**....]
Gold:   384        SH: 14    Dex: 17    Spells: 7/7 levels left

rFire    . . .     SeeInvis .   m - +0 war axe
rCold    . . .     Gourm    .   g - +0 large shield
rNeg     . . .     Faith    .   w - +0 ring mail (curse)
rPois    .         Spirit   .   o - +2 hat
rElec    .         Reflect  .   (no cloak)
rCorr    .         Harm     .   (no gloves)
MR       .....                  (no boots)
Stlth    +.........             (no amulet)
HPRegen  0.21/turn              p - +4 ring of dexterity
MPRegen  0.11/turn              z - +3 ring of intelligence

@: no status effects
A: no striking features
a: Smiting, Renounce Religion


You were on level 7 of the Dungeon.
You worshipped Beogh.
Beogh was pleased with you.
You were hungry.

You visited 1 branch of the dungeon, and saw 7 of its levels.

You collected 384 gold pieces.

Inventory:

Hand Weapons
 m - a +0 war axe (weapon)
Armour
 g - a +0 large shield (worn)
 o - a +2 hat (worn)
 w - a cursed +0 ring mail (worn)
Jewellery
 p - a +4 ring of dexterity (left hand)
 z - a +3 ring of intelligence (right hand)
Wands
 t - a wand of flame (29)
 y - a wand of random effects (11)
Scrolls
 a - a scroll of fear {unknown}
 b - 2 scrolls of magic mapping {unknown}
 e - 6 scrolls of remove curse {unknown}
 f - 4 scrolls of identify {unknown}
 j - 3 scrolls of enchant weapon {unknown}
 k - 2 scrolls of blinking {unknown}
 l - a scroll of teleportation {unknown}
 q - 2 scrolls of immolation {unknown}
 r - a scroll of enchant armour {unknown}
 s - 3 scrolls of amnesia {unknown}
Potions
 d - a potion of lignification {unknown}
 h - 2 potions of agility {unknown}
 i - 3 potions of curing {unknown}
 n - 2 potions of resistance {unknown}
 u - a potion of cancellation {unknown}
 v - a potion of heal wounds {unknown}
 x - a potion of mutation {unknown}
Comestibles
 c - 10 rations


   Skills:
 + Level 6.8 Fighting
 * Level 9.9 Axes
 + Level 5.0 Armour
 - Level 2.4 Dodging
 - Level 1.5 Stealth
 + Level 4.9 Shields


You had 7 spell levels left.
You didn't know any spells.
Your spell library contained the following spells:

 Spells                   Type           Power        Failure   Level  Hunger
 Animate Skeleton         Necr           N/A          100%        1    ##.....
 Magic Dart               Conj           #...         100%        1    ##.....
 Pain                     Necr           #...         100%        1    ##.....
 Searing Ray              Conj           #.....       100%        2    ###....
 Dazzling Spray           Conj/Hex       #.....       100%        3    ####...
 Regeneration             Chrm/Necr      #.........   100%        3    ####...
 Vampiric Draining        Necr           #.........   100%        3    ####...
 Animate Dead             Necr           N/A          100%        4    #####..
 Force Lance              Conj/Tloc      #.......     100%        4    #####..
 Fulminant Prism          Conj/Hex       #.........   100%        4    #####..
 Iskenderun's Mystic Bla  Conj           #.......     100%        4    #####..


Dungeon Overview and Level Annotations

Branches:
Dungeon (7/15)             Temple (0/1) D:6

Altars:
Dithmenos
Hepliaklqana
Makhleb
Qazlal
Trog

Annotations:
D:7 Menkaure


Message History

You block Menkaure's attack.
You closely miss Menkaure.
Menkaure is lightly damaged.
You are feeling hungry.
You slash Menkaure!
Menkaure is severely damaged.
Menkaure calls on the powers of darkness!
Your body is wracked with pain!
* * * LOW HITPOINT WARNING * * *
The orc convulses!
Your shield prevents you from hitting Menkaure.
Menkaure is severely damaged.
You block Menkaure's attack.
You completely miss Menkaure.
Menkaure is severely damaged.
You block Menkaure's attack.
The phantom blinks!
You hit Menkaure but do no damage.
Menkaure is severely damaged.
You barely miss the phantom. Menkaure hits you!!
You die...

#.### #.#.. #.#.# #.#.#
.#########.#.#
...........#.#
########.).#.#
.#################.#.#.#
....§WM@..............(.
.#..o###W#########.#...#
#. #.# #.#...# ...
#.#.#.. ..### #.#.#..
... #.#.... .W.. #.####.
..... ## #


You could see 2 phantoms, Menkaure and an orc.

Vanquished Creatures
  Prince Ribbit (D:5)
  An ice beast (D:6)
  3 sky beasts
  A phantom (D:5)
  3 centaurs
  A scorpion (D:5)
  3 howler monkeys
  A crimson imp (D:5)
  2 hounds (D:5)
  A bullfrog zombie (D:5)
  An orc priest (D:6)
  2 jellies
  3 orc wizards (D:4)
  Jessica (D:3)
  An iguana (D:5)
  6 adders
  A shadow imp (D:5)
  An ooze (D:1)
  A worm (D:2)
  4 dart slugs
  4 leopard geckos
  17 orcs
  2 giant cockroaches (D:1)
  12 goblins
  10 hobgoblins
  3 quokkas
  4 ball pythons
  8 bats
  4 frilled lizards
  6 kobolds
  7 rats
115 creatures vanquished.

Vanquished Creatures (others)
  An orc priest (D:4)
  An orc (D:4)
  A quokka (D:4)
  A leopard gecko skeleton (D:4)
  A rat (D:1)
5 creatures vanquished.

Grand Total: 120 creatures vanquished

Notes
Turn   | Place    | Note
-------+----------+-------------------------------------------
     0 | D:1      | DrKleor the Hill Orc Monk began the quest for the Orb.
     0 | D:1      | Reached XP level 1. HP: 19/19 MP: 1/1
   116 | D:1      | Reached XP level 2. HP: 5/27 MP: 2/2
   313 | D:1      | Reached skill level 1 in Armour
   387 | D:1      | Reached XP level 3. HP: 18/33 MP: 3/3
   855 | D:1      | Reached skill level 5 in Axes
  1078 | D:2      | Reached skill level 1 in Shields
  1138 | D:2      | Reached XP level 4. HP: 34/40 MP: 4/4
  1801 | D:3      | Noticed a centaur
  2053 | D:3      | Killed a centaur
  2053 | D:3      | Reached XP level 5. HP: 31/47 MP: 5/5
  2183 | D:3      | Reached skill level 6 in Axes
  2264 | D:3      | Noticed Jessica
  2278 | D:3      | Killed Jessica
  2291 | D:3      | Found a hazy altar of Hepliaklqana.
  2718 | D:3      | Reached XP level 6. HP: 53/53 MP: 6/6
  2835 | D:3      | Found a shadowy altar of Dithmenos.
  3236 | D:4      | Became a worshipper of Beogh the Brigand
  3236 | D:4      | Reached * piety under Beogh
  3236 | D:4      | Reached ** piety under Beogh
  3301 | D:4      | Reached skill level 5 in Fighting
  3337 | D:4      | Found a stormy altar of Qazlal.
  3501 | D:4      | Reached skill level 7 in Axes
  3564 | D:4      | Found a bloodstained altar of Trog.
  3746 | D:5      | Entered Level 5 of the Dungeon
  3860 | D:5      | Reached XP level 7. HP: 48/61 MP: 7/7
  4136 | D:5      | Reached skill level 8 in Axes
  4357 | D:5      | Found a burning altar of Makhleb.
  4718 | D:5      | Reached XP level 8. HP: 69/70 MP: 8/8
  5382 | D:6      | Noticed Prince Ribbit
  5387 | D:6      | Reached skill level 9 in Axes
  5407 | D:5      | Killed Prince Ribbit
  5814 | D:6      | Found a staircase to the Ecumenical Temple.
  6172 | D:7      | Reached skill level 5 in Armour
  6242 | D:7      | Noticed Menkaure
  6253 | D:7      | Mangled by Menkaure

Skill      XL: |  1  2  3  4  5  6  7  8 |
---------------+-------------------------+-----
Armour         | 1 2 3 5 |  5.0
Fighting       | 4 5 6 |  6.8
Axes           | 5 6 7 8 9 |  9.9
Shields        | 1 2 3 4 |  4.9
Dodging        | |  2.4
Stealth        | |  1.5

Action                   |  1- 3 |  4- 6 |  7- 9 || total
-------------------------+-------+-------+-------++-------
Melee: Hand axe          |   131 |    80 |       ||   211
       War axe           |       |    84 |   153 ||   237
Invok: Convert to Beogh  |       |     1 |       ||     1
 Stab: Sleeping          |     2 |     1 |       ||     3
       Distracted        |       |     1 |       ||     1
  Eat: Chunk             |       |    10 |     7 ||    17
Armor: Robe              |    32 |       |       ||    32
       Ring mail         |    11 |    47 |    31 ||    89
Dodge: Dodged            |    62 |    34 |    31 ||   127
Block: Large shield      |    81 |   119 |    94 ||   294
